 Dungeon Crawl Stone Soup version 0.16.0 (console) character file.

1340689 Monkaria the Axe Maniac (level 27, -23/289 (298) HPs)
             Began as a Deep Dwarf Fighter on Mar 13, 2015.
             Was the Champion of Makhleb.
             Killed from afar by Wihuod the pandemonium lord (83 damage)
             ... with a great icy blast
             ... in Pandemonium on Mar 14, 2015.
             The game lasted 09:10:59 (100196 turns).

Monkaria the Axe Maniac (Deep Dwarf Fighter)      Turns: 100196, Time: 09:11:00

HP:   -23/289 (298) AC: 49    Str: 31      XL:     27
MP:   42/43         EV: 34    Int: 12 (17) God:    Makhleb [******]
Gold: 8344          SH:  0    Dex: 30      Spells: 6 memorised, 53 levels left

rFire  + + .     SeeInvis +     q - +9 executioner's axe (flame)
rCold  . . .     Clarity  +     C - +8 orange crystal plate armour {Archmagi, Int+3 Clar SustAb}
rNeg   + . .     SustAb   +     (no shield)
rPois  +         Gourm    .     M - +2 helmet {SInv}
rElec  +         Spirit   .     x - +2 cloak {rPois}
rCorr  .         Warding  .     c - +2 pair of gloves {Str+3}
rMut   +         Stasis   .     K - +2 pair of boots of the Assassin {Stlth++}
MR     ++++.                    J - amulet of resist mutation
Stlth  ..........               Z - ring "Poiha" {Contam rElec rF+ Int+2 Dex+5}
                                j - ring "Fouxoab" {rF+ Str+4 Dex+3 Slay+3}

@: non-regenerating, incredibly resistant to hostile enchantments, extremely
unstealthy
A: damage resistance, recharge devices, claws 1, repulsion field 1, agile 2,
berserk 1, blurry vision 3, deformed body, negative energy resistance 1, sense
surroundings 3, slow healing 3, forlorn, MP-powered wands 1
a: Device Recharging, Minor Destruction, Lesser Servant of Makhleb, Major
Destruction, Greater Servant of Makhleb, Renounce Religion
}: 14/15 runes: serpentine, barnacled, slimy, silver, iron, obsidian, icy, bone,
abyssal, demonic, glowing, magical, fiery, dark


You were in Pandemonium.
You worshipped Makhleb.
Makhleb was exalted by your worship.
You were hungry.

You visited 17 branches of the dungeon, and saw 94 of its levels.
You visited Pandemonium 5 times, and saw 40 of its levels.
You visited the Abyss 5 times.
You visited 1 bazaar.
You also visited: Trove, Ice Cave and Volcano.

You collected 16649 gold pieces.
You spent 8075 gold pieces at shops.

Inventory:

Hand weapons
 q - a +9 executioner's axe of flaming (weapon)
Armour
 c - a +2 pair of gloves of strength (worn)
 x - a +2 cloak of poison resistance (worn)
 C - the +8 orange crystal plate armour (worn) {Archmagi, Int+3 Clar SustAb}
   (You found it on level 5 of the Realm of Zot)

   It affects your intelligence (+3).
   It sustains your strength, intelligence and dexterity.
   It protects you against confusion.
 K - the +2 pair of boots of the Assassin (worn) {Stlth++}
   (You found it on level 3 of the Elven Halls)

   It makes you much more stealthy.
 M - a +2 helmet of see invisible (worn)
Rods
 E - a +3 rod of shadows (15/15)
   (You found it in Pandemonium)
 L - a +3 rod of clouds (13/13)
   (You found it in Pandemonium)
Jewellery
 a - an uncursed ring of protection from fire
 j - the ring "Fouxoab" (left hand) {rF+ Str+4 Dex+3 Slay+3}
   (You acquired it on level 1 of the Lair of Beasts)

   [ring of slaying]

   It affects your strength (+4).
   It affects your dexterity (+3).
   It affects your accuracy and damage with ranged weapons and melee attacks
   (+3).
   It protects you from fire.
 u - an uncursed ring of protection from magic
 w - the ring of Levity {Ice rElec rPois}
   (You found it on level 6 of the Pits of Slime)

   [ring of ice]

   It enhances your ice magic, and weakens your fire magic.
   It makes you vulnerable to fire.
   It protects you from cold.
   It insulates you from electricity.
   It protects you from poison.
 J - an amulet of resist mutation (around neck)
 S - the brooch of Shielding {Ward rN+ AC+4 EV+4}
   (You bought it in a shop on level 3 of the Vaults)

   [amulet of warding]

   It may prevent the melee attacks of summoned creatures.
   It affects your AC (+4).
   It affects your evasion (+4).
   It protects you from negative energy.
 Z - the ring "Poiha" (right hand) {Contam rElec rF+ Int+2 Dex+5}
   (You found it on level 3 of the Crypt)

   [ring of dexterity]

   It affects your intelligence (+2).
   It affects your dexterity (+5).
   It protects you from fire.
   It insulates you from electricity.
   It causes magical contamination when unequipped.
Magical devices
 d - a wand of heal wounds (0)
 n - a wand of teleportation (2)
 A - a wand of hasting (2)
 B - a wand of invisibility (2)
 F - a wand of draining (6)
 G - a wand of disintegration (15)
 H - a wand of lightning (3)
 T - a wand of confusion (10)
Scrolls
 h - a scroll of acquirement
 o - 12 scrolls of identify
 r - 35 scrolls of remove curse
 s - 10 scrolls of magic mapping
 v - 24 scrolls of fog
 y - 5 scrolls of recharging
 D - 2 scrolls of brand weapon
 I - 23 scrolls of teleportation
 O - a scroll of enchant armour
 P - a scroll of enchant weapon
 R - a scroll of silence
 Y - 14 scrolls of blinking
Potions
 b - 7 potions of resistance
 e - 15 potions of might
 g - 5 potions of berserk rage
 i - 24 potions of curing
 k - 8 potions of heal wounds
 m - 8 potions of cancellation
 p - 10 potions of agility
 t - 10 potions of haste
 z - 11 potions of restore abilities
Miscellaneous
 l - a lamp of fire
Comestibles
 f - 27 bread rations
 N - a meat ration


   Skills:
 O Level 27 Fighting
 O Level 27 Axes
 O Level 27 Armour
 O Level 27 Dodging
   Level 3.2 Shields
 O Level 27 Spellcasting
 + Level 6.7 Necromancy
 O Level 27 Invocations
 O Level 27 Evocations


You had 53 spell levels left.
You knew the following spells:

 Your Spells              Type           Power        Failure   Level  Hunger
a - Cigotuvi's Embrace    Necr           #####.....   21%         5    ###....
b - Song of Slaying       Chrm           ###.....     17%         2    None
c - Flight                Chrm/Air       ###.......   34%         3    None
d - Deflect Missiles      Chrm/Air       ###.......   100%        6    #####..
e - Haste                 Chrm           ###.....     100%        6    #####..
f - Silence               Hex/Air        ###.......   100%        5    ###....


Dungeon Overview and Level Annotations

Branches:
Dungeon (15/15)            Temple (1/1) D:4            Lair (8/8) D:10
 Shoals (5/5) Lair:3        Snake (5/5) Lair:5        Slime (6/6) Lair:6
    Orc (4/4) D:10            Elf (3/3) Orc:4        Vaults (5/5) D:14
  Crypt (3/3) Vaults:2       Tomb (0/3) Crypt:3      Depths (5/5) D:15
   Hell (1/1)                 Dis (7/7) Hell            Geh (7/7) Hell
    Coc (7/7) Hell            Tar (7/7) Hell            Zot (5/5) Depths:5

Altars:
Ashenzari
Cheibriados
Dithmenos
Elyvilon
Fedhas
Gozag
Kikubaaqudgha
Makhleb
Nemelex Xobeh
Okawaru
Qazlal
Ru
Sif Muna
Trog
Vehumet
Xom
Yredelemnul
Zin
The Shining One
Beogh
Lugonu

Shops:
D:7 }*%[*   D:9 (   D:15 !(}:(   Orc:4 }%[%   Elf:1 :   Elf:2 *   Elf:3 ?}
Shoals:3 *   Snake:5 }   Vaults:1 }:   Vaults:2 [   Vaults:3 ::}=   Vaults:5 [
Depths:2 (((?   Depths:5 }

Portals:
Hell: Depths:1 Depths:2 Depths:3 Depths:4 Depths:5
Abyss: Depths:1 Depths:3 Depths:4
Pandemonium: Depths:3
Ziggurat: Depths:5

Annotations:
Zot:5 1 exclusion


Innate Abilities, Weirdness & Mutations

You are resistant to damage.
You can recharge devices by infusing magical energy.
You resist negative energy.
You passively map a large area around you.
You do not heal naturally.
You have sharp fingernails.
You are surrounded by a mild repulsion field (EV +2).
You are very agile. (Dex +4)
You tend to lose your temper in combat.
Scrolls take you much longer to read.
Armour fits poorly on your strangely shaped body.
You have difficulty communicating with the divine.
You expend magic power (3 MP) to slightly strengthen your wands.


Message History

There is an open door here.
You slice the Ice Fiend like a ripe choko!!!!
You burn the Ice Fiend!!
You kill the Ice Fiend!
Makhleb accepts your kill.
You feel a little better. The hellwing blocks your attack.
You slice Wihuod!!! You burn Wihuod!
Wihuod is moderately wounded.
The hellwing completely misses you. x2
Wihuod hits you but does no damage.
Unknown command.
You slice Wihuod!!! You burn Wihuod!
Wihuod is heavily wounded.
You slash the hellwing!! You burn the hellwing!
You kill the hellwing!
Makhleb accepts your kill.
You feel a little better. Wihuod gestures at you while chanting.
Wihuod conjures a mighty blast of ice!
The great icy blast engulfs you!
You die...

* #..# . * #. * **,, #..#
##. ###., * , #..# #.. ...
, , , #..# #.###.# # * ,,
#..# #.#.#.#.# * * #..#
#.##'.#'#.+##. ,
######..#####.............
#.............###.+#+.###.,
, , #.####)#####..#.@&# ,
,* * , * #.# #[# #..###.'#
* * , ..# #.# ##......... *
, #.# #.# #.##+.#'#.'#* #.#
#.# #.#{#.#.#,#∩ , , #.#
#.# #.# #.#*# * , , #.#*
#.# #.. ... ,, ,,,,, #..
... , ...,... * #.. ... . ,
., , ,


You could see Wihuod.

Vanquished Creatures
  Antaeus (Coc:7)
  Asmodeus (Geh:7)
  Cerebov (Pan)
  the Serpent of Hell (Tar:7)
  the royal jelly (Slime:6)
  Dissolution (Slime:2)
  Ereshkigal (Tar:7)
  Gloorx Vloq (Pan)
  Ignacio (Pan)
  Mnoleg (Pan)
  Dispater (Dis:7)
  Lom Lobon (Pan)
  7 orbs of fire
  10 ancient liches
  Sojobo (Crypt:2)
  17 shard shrikes
  Saint Roka (Vaults:3)
  4 Killer Klowns
  4 curse toes
  Mara (Shoals:3)
  Geryon (Hell)
  15 golden dragons
  A profane servitor (Crypt:3)
  11 bone dragons
  3 electric golems
  Nikola (Shoals:4)
  37 Brimstone Fiends
  19 pandemonium lords (Pan)
  14 liches
  28 tentacled monstrosities
  15 Hell Sentinels
  34 Ice Fiends
  15 Shadow Fiends
  5 quicksilver dragons
  25 Orb Guardians (Zot:5)
  5 deep elf blademasters
  8 titans
  A deep elf master archer (Elf:3)
  An octopode crusher (Depths:3)
  9 eldritch tentacles
  Polyphemus (Shoals:3)
  29 acid blobs
  8 tentacled starspawn
  42 Executioners
  13 warmongers (Pan)
  8 ancient champions
  Rupert (Snake:2)
  12 shadow dragons
  9 tengu reavers
  Frances (Shoals:5)
  5 revenants
  11 storm dragons
  14 blood saints (Pan)
  2 sphinxes
  5 fire giants
  Ilsuiw (Shoals:5)
  3 draconian monks
  16 azure jellies
  46 balrugs
  4 greater nagas
  11 deep elf sorcerers (Elf:3)
  6 draconian zealots
  A ghost moth (Zot:3)
  8 iron dragons
  15 frost giants
  5 draconian knights
  43 cacodemons
  18 vault wardens
  6 curse skulls
  10 draconian scorchers
  Gastronok (D:11)
  3 emperor scorpions
  58 reapers
  An angel (Abyss:1)
  18 ghouls
  5 draconian annihilators
  A spriggan defender (Depths:5)
  6 draconian shifters
  18 stone giants
  15 war gargoyles
  5 elemental wellsprings
  15 ironheart preservers
  12 very ugly things
  10 draconian callers
  18 lorocyprocas
  6 grey draconians
  6 green draconians
  9 chaos champions (Pan)
  10 black draconians
  8 deep elf demonologists
  9 purple draconians
  14 salamander firebrands
  10 pale draconians
  11 corrupters (Pan)
  5 mottled draconians
  8 red draconians
  11 deep elf annihilators
  A dire elephant (Depths:1)
  4 vampire knights
  23 green deaths
  An unborn (Crypt:3)
  14 black suns (Pan)
  6 yellow draconians
  18 deep elf death magi
  6 white draconians
  4 merfolk javelineers
  11 yaktaur captains
  16 eidola
  9 deep elf high priests
  A crystal guardian (Vaults:3)
  2 minotaurs
  8 ettins
  14 great orbs of eyes
  7 death oozes
  A mummy priest (Crypt:3)
  12 death cobs
  17 ogre magi
  34 blizzard demons
  Josephine (D:10)
  3 kraken zombies
  A spectral golden dragon (Crypt:3)
  10 merfolk impalers
  31 vault guards
  12 hell beasts
  14 jiangshi
  10 fire dragons
  Harold (Orc:3)
  4 quicksilver dragon skeletons
  13 rakshasas
  7 naga warriors
  10 hydras
  A ghost crab (shapeshifter) (Vaults:5)
  4 anacondas
  13 deep troll earth magi
  27 monstrous demonspawn (Pan)
  A satyr (Shoals:5)
  30 ice dragons
  4 spriggan air magi
  Erica (Lair:8)
  2 alligator snapping turtles
  4 catoblepae
  26 death yaks
  4 centaur warriors
  20 dancing weapons
  5 merfolk avatars
  6 merfolk aquamancers
  2 death knights (Crypt:3)
  10 deep troll shamans
  An orc high priest (Vaults:1)
  15 hell hogs
  76 large abominations
  9 naga sharpshooters
  35 soul eaters
  6 spriggan berserkers
  6 vampire magi
  11 titan zombies
  6 iron golems
  9 storm dragon zombies
  7 tengu warriors
  Nergalle (Lair:2)
  7 shock serpents
  6 titan skeletons
  2 fire crabs (Vaults:3)
  6 unseen horrors
  72 hell knights
  4 wretched stars
  12 sea snakes
  13 thrashing horrors
  69 skeletal warriors
  2 spatial maelstroms (Abyss:3)
  60 sun demons
  39 ice devils
  7 salamander mystics
  17 shadow wraiths
  7 deep elf summoners
  39 deep trolls
  3 iron trolls
  6 golden dragon zombies
  5 storm dragon skeletons
  An unseen horror (shapeshifter) (Depths:4)
  11 anaconda zombies
  A ghost moth zombie (Coc:6)
  17 shadow demons
  7 naga ritualists
  A spectral hydra (Crypt:3)
  10 death drakes
  2 cherubim (Pan)
  15 deep elf knights
  24 gelid demonspawn (Pan)
  11 flayed ghosts
  28 infernal demonspawn (Pan)
  A swamp dragon (shapeshifter) (Vaults:5)
  3 ice statues
  3 shadow dragon zombies
  5 deathcaps
  4 golden dragon skeletons
  24 torturous demonspawn (Pan)
  23 harpies
  13 orc knights
  6 giant orange brains
  25 necromancers
  16 ironbrand convokers
  A sphinx zombie (Depths:4)
  2 lindwurms (Snake:5)
  7 anaconda skeletons
  19 deep elf conjurers
  8 hill giants
  A faun (shapeshifter) (Vaults:2)
  3 iron dragon zombies
  22 putrid demonspawn (Pan)
  7 wolf spider zombies
  4 wizards
  6 wolf spiders
  13 frost giant zombies
  22 salamanders
  7 orc sorcerers
  A salamander (shapeshifter) (Vaults:2)
  5 oklob plants (Lair:6)
  A draconian (shapeshifter) (Depths:1)
  4 water nymphs
  12 griffons
  A manticore (shapeshifter) (D:15)
  7 fire giant zombies
  67 sixfirhies
  26 phantasmal warriors
  14 mana vipers
  A shining eye (shapeshifter) (Vaults:4)
  11 shining eyes
  A tengu skeleton (Depths:4)
  A titan simulacrum (Depths:4)
  18 moths of wrath
  9 human zombies
  9 manticores
  6 fauns (Shoals:2)
  8 stone giant zombies
  5 worldbinders
  8 cyclopes
  4 shadow dragon skeletons
  7 stone giant skeletons
  39 ugly things
  A toenail golem (Volcano)
  3 drowned souls
  8 sirens
  3 hornets
  4 shock serpent zombies
  86 smoke demons
  A black mamba (shapeshifter) (Elf:2)
  7 guardian serpents
  6 iron dragon skeletons
  20 molten gargoyles
  5 dire elephant zombies
  93 orange demons
  48 rust devils
  Joseph (D:7)
  17 vault sentinels
  15 spiny frogs
  3 centaur zombies
  10 frost giant skeletons
  4 gargoyles
  23 naga magi
  38 black mambas
  7 eyes of devastation
  2 torpor snails
  22 elephants
  2 shock serpent skeletons
  9 fire giant skeletons
  An apocalypse crab (Abyss:3)
  Psyche (D:13)
  2 elephants (shapeshifter)
  3 emperor scorpion zombies
  32 hellions
  50 yaktaurs
  6 dire elephant skeletons
  34 tormentors
  3 catoblepas zombies
  16 demonic crawlers
  A mottled draconian zombie (Crypt:1)
  2 kobold demonologists (D:10)
  2 catoblepas skeletons
  16 komodo dragons
  32 freezing wraiths
  A guardian mummy (Crypt:3)
  9 efreet
  13 deep elf priests
  23 two-headed ogres
  18 hydra zombies
  5 ancient zymes
  28 merfolk
  10 fire drakes
  A golden dragon simulacrum (Crypt:1)
  An anaconda simulacrum (Hell)
  A shadow dragon simulacrum (Coc:4)
  A queen bee (shapeshifter) (Vaults:4)
  58 red devils
  7 wandering mushrooms
  88 hellwings
  A polar bear (shapeshifter) (Vaults:1)
  4 fire vortices
  3 harpy zombies
  3 trolls
  4 harpy skeletons
  23 blue devils
  A queen bee (D:10)
  8 wind drakes
  A troll (shapeshifter) (Vaults:2)
  Grinder (D:4)
  130 slime creatures
  2 silent spectres
  4 ettin zombies
  7 hydra skeletons
  8 polar bears
  6 giant leeches (Lair:8)
  A jumping spider (shapeshifter) (Vaults:2)
  3 frost giant simulacra
  An iron dragon simulacrum (Hell)
  6 basilisks
  4 jumping spiders
  3 fire giant simulacra
  7 ice dragon zombies
  8 fire dragon zombies
  2 ushabtiu (Crypt:3)
  A baby alligator (shapeshifter) (Vaults:5)
  3 boulder beetles
  A raiju (shapeshifter) (Depths:1)
  11 ravens
  5 alligator zombies
  A hornet zombie (D:15)
  4 bog bodies (Crypt:1)
  14 snapping turtles
  23 blink frogs
  A jumping spider zombie (Crypt:2)
  A slime creature (shapeshifter) (Depths:4)
  2 black mamba zombies
  A trapdoor spider (shapeshifter) (Vaults:4)
  A trapdoor spider (D:12)
  2 wyverns
  28 starcursed masses
  7 raiju
  6 air elementals
  3 spriggans
  37 wraiths
  5 ettin skeletons
  79 flying skulls
  4 ice dragon skeletons
  A stone giant simulacrum (Crypt:1)
  7 redbacks
  24 deep elf magi
  A tarantella (Vaults:2)
  3 fire dragon skeletons
  12 golden eyes
  35 shadows
  2 humans (shapeshifter)
  4 fire bats (Depths:1)
  61 water elementals
  45 yaks
  16 vampires
  13 fire elementals
  6 alligator skeletons
  Eustachio (Orc:1)
  2 black mamba skeletons
  66 ynoxinuls
  17 chaos spawn
  2 hippogriffs (shapeshifter)
  Grum (D:9)
  2 soldier ants
  A golden eye (shapeshifter) (D:14)
  43 neqoxecs
  A steam dragon (Zot:2)
  31 deep elf fighters
  11 hungry ghosts
  28 water moccasins
  11 hippogriffs
  15 vampire mosquitoes
  12 wargs
  28 wolves
  42 nagas
  Edmund (Orc:1)
  6 raven skeletons (Crypt:3)
  A deep troll zombie (Vaults:3)
  A putrid demonspawn zombie (Crypt:1)
  A mottled dragon (Vaults:1)
  69 hell hounds
  An orb spider zombie (Crypt:2)
  11 spiny frog zombies
  A hydra simulacrum (Coc:5)
  A water moccasin (shapeshifter) (Vaults:1)
  11 porcupines
  5 spatial vortices
  14 ice beasts
  9 spiders
  12 swamp drakes
  4 spiny frog skeletons
  7 black bears
  A black bear (shapeshifter) (D:14)
  3 swamp dragon zombies
  13 eyes of draining
  4 sky beasts
  48 orc warriors
  4 snapping turtle zombies
  An ogre (shapeshifter) (Vaults:2)
  A boring beetle (shapeshifter) (Vaults:2)
  A manticore zombie (Geh:4)
  41 necrophages
  12 phantoms
  3 wasps
  An elf skeleton (Vaults:3)
  13 crocodiles
  2 snapping turtle skeletons
  4 swamp dragon skeletons
  3 manticore skeletons
  2 boring beetles
  14 centaurs
  9 boggarts
  2 lost souls
  56 ogres
  A spectral human (Crypt:2)
  A yaktaur zombie (Crypt:1)
  2 spiny frog simulacra
  8 big kobolds
  A human skeleton (Vaults:3)
  An earth elemental (Abyss:3)
  39 giant frogs
  2 wyvern zombies
  A monstrous demonspawn simulacrum (Abyss:3)
  A wyvern skeleton (Crypt:1)
  A troll zombie (Geh:1)
  39 wights
  6 scorpions
  41 killer bees
  6 electric eels
  A yak skeleton (Crypt:1)
  2 goliath beetles (D:7)
  A lava snake (Volcano)
  25 small abominations
  A black bear zombie (D:13)
  29 crimson imps
  3 centaur skeletons
  2 giant frog zombies
  26 iron imps
  44 jellies
  35 orc priests
  12 hounds
  3 giant frog skeletons
  6 quasits
  6 worker ants
  A boulder beetle simulacrum (Vaults:3)
  67 orc wizards
  A gnoll shaman (D:9)
  4 hell rats
  10 iguanas
  12 sheep
  A killer bee zombie (D:9)
  An ogre zombie (Geh:2)
  A dwarf zombie (Crypt:1)
  3 hound zombies
  A naga zombie (Crypt:2)
  2 necrophage skeletons (Crypt:3)
  2 ogre skeletons
  3 hound skeletons
  9 mummies
  A worker ant zombie (D:11)
  24 adders
  7 gnolls
  14 shadow imps
  49 river rats
  28 white imps
  3 giant mites
  2 giant eyeballs
  127 ufetubi
  2 worms
  4 adder skeletons
  2 oozes
  236 orcs
  5 ball pythons
  A bat skeleton (D:6)
  4 giant cockroaches
  32 goblins
  15 hobgoblins
  7 jackals
  23 quokkas
  A river rat zombie (Crypt:2)
  A ball python skeleton (Crypt:2)
  16 bats
  A giant cockroach zombie (D:5)
  8 giant geckos
  6 giant newts
  A hobgoblin skeleton (Crypt:1)
  26 kobolds
  A kobold simulacrum (Hell)
  A kobold zombie (Crypt:3)
  2 orc skeletons (D:10)
  10 rats
  A spectral orc (Lair:2)
  8 crawling corpses
  11 fungi
  12 grand avatars (Pan)
  36 plants
  10 starspawn tentacles
  3 tentacles
6160 creatures vanquished.

Vanquished Creatures (collateral kills)
  3 greater nagas (Snake:5)
  A reaper (Tar:7)
  2 naga warriors (Snake:5)
  A merfolk aquamancer (Shoals:3)
  2 death yaks (IceCv)
  A hell knight (Volcano)
  2 naga sharpshooters (Snake:5)
  2 salamander mystics (Snake:5)
  A naga ritualist (Snake:5)
  2 lindwurms (Snake:5)
  A mana viper (Snake:5)
  3 guardian serpents (Snake:5)
  A toenail golem (Volcano)
  A black mamba (Snake:5)
  2 naga magi (Snake:5)
  4 polar bears (IceCv)
  A red devil (Volcano)
  8 yaks (IceCv)
  A wolf (IceCv)
  A naga (Snake:5)
40 creatures vanquished.

Vanquished Creatures (others)
  2 Executioners
  An eldritch tentacle (Geh:4)
  A vault warden (Vaults:5)
  A fulminant prism (Pan)
  A ghoul (Crypt:1)
  A balrug (Snake:5)
  A draconian annihilator (Zot:4)
  An elemental wellspring (Coc:2)
  A blood saint (Pan)
  A green death (Pan)
  A blizzard demon (Snake:5)
  A rakshasa (Pan)
  An ice dragon (Coc:7)
  A hell hog (Geh:5)
  A hell knight (Dis:7)
  An anaconda skeleton (Hell)
  A phantasmal warrior (Vaults:5)
  A necromancer (Dis:7)
  A sixfirhy (Pan)
  A dire elephant zombie (Crypt:1)
  A molten gargoyle (Geh:7)
  8 drowned souls
  A hellwing (Pan)
  2 polar bears (IceCv)
  2 flying skulls
  An ettin skeleton (Geh:7)
  3 water elementals (Coc:7)
  A wraith (Geh:7)
  A swamp drake (Zot:2)
  A spiny frog skeleton (Geh:7)
  A snapping turtle skeleton (Crypt:1)
  15 lost souls
  An iron imp (Dis:7)
  4 ufetubi (Pan)
  A butterfly (D:10)
  254 eldritch tentacle segments
  A fungus (Crypt:2)
  9 plants
  10 starspawn tentacles
  110 starspawn tentacle segments
  14 tentacles
  143 tentacle segments
605 creatures vanquished.

Grand Total: 6805 creatures vanquished

Notes
Turn   | Place    | Note
--------------------------------------------------------------
     0 | D:1      | Monkaria, the Deep Dwarf Fighter, began the quest for the Orb.
     0 | D:1      | Reached XP level 1. HP: 20/20 MP: 1/1
     0 | D:1      | Here goes!!!
   131 | D:1      | Reached XP level 2. HP: 20/28 MP: 2/2
   555 | D:2      | Reached XP level 3. HP: 13/34 MP: 3/3
   840 | D:2      | Reached XP level 4. HP: 31/44 MP: 4/4
  1089 | D:3      | Reached skill level 4 in Fighting
  1394 | D:3      | Reached XP level 5. HP: 35/50 MP: 5/5
  1450 | D:3      | Reached skill level 5 in Axes
  2019 | D:4      | Reached skill level 6 in Axes
  2019 | D:4      | Reached XP level 6. HP: 38/57 MP: 6/6
  2030 | D:4      | Found a staircase to the Ecumenical Temple.
  2041 | Temple   | Entered the Ecumenical Temple
  2136 | Temple   | Became a worshipper of Makhleb the Destroyer
  2348 | D:4      | Noticed Grinder
  2357 | D:4      | Killed Grinder
  2357 | D:4      | Reached skill level 7 in Axes
  2357 | D:4      | Reached XP level 7. HP: 39/64 MP: 7/7
  2454 | D:4      | Noticed an ogre
  2456 | D:4      | Killed an ogre
  2456 | D:4      | Reached skill level 8 in Axes
  2672 | D:5      | Entered Level 5 of the Dungeon
  2694 | D:5      | Found a white marble altar of Elyvilon.
  2754 | D:5      | Acquired Makhleb's first power
  2869 | D:5      | Reached skill level 9 in Axes
  3428 | D:5      | Reached skill level 5 in Fighting
  3428 | D:5      | Reached XP level 8. HP: 35/74 MP: 8/8
  3564 | D:6      | Found a basalt altar of Yredelemnul.
  3684 | D:6      | Acquired Makhleb's second power
  4012 | D:7      | Found Chiv Stri's Armour Shoppe.
  4020 | D:7      | Bought a +2 helmet of see invisible for 279 gold pieces
  4070 | D:7      | Found Zauprooc's General Store.
  4078 | D:7      | Bought a scroll of identify for 24 gold pieces
  4078 | D:7      | Bought a scroll of blinking for 90 gold pieces
  4085 | D:7      | Reached skill level 10 in Axes
  4410 | D:7      | Reached skill level 11 in Axes
  4556 | D:7      | Found Kluumamu's Gadget Boutique.
  4571 | D:7      | Noticed Joseph
  4585 | D:7      | Killed Joseph
  4585 | D:7      | Acquired Makhleb's third power
  4585 | D:7      | Reached skill level 12 in Axes
  4585 | D:7      | Gained mutation: You passively map the area around you. [level up]
  4585 | D:7      | Reached XP level 9. HP: 76/81 MP: 7/7
  4644 | D:7      | Found Klya's General Store.
  5051 | D:7      | Found Talaep's Food Shoppe.
  5600 | D:8      | Reached skill level 13 in Axes
  5617 | D:8      | Reached skill level 1 in Invocations
  5809 | D:8      | Reached skill level 5 in Invocations
  5832 | D:8      | Acquired Makhleb's fourth power
  5956 | D:8      | Reached XP level 10. HP: 88/88 MP: 19/19
  5959 | D:8      | Got a flickering steel amulet
  5981 | D:8      | Identified the amulet "Tuigoepn" {Faith +Inv rF+ rN+ Int-4 Stlth+} (You took it off a centaur on level 8 of the Dungeon)
  6302 | D:9      | Acquired Makhleb's fifth power
  6303 | D:9      | Noticed a hill giant
  6368 | D:9      | Killed a hill giant
  6377 | D:9      | Noticed a cyan ugly thing
  6538 | D:9      | Reached skill level 10 in Invocations
  6626 | D:9      | Noticed Grum
  6644 | D:9      | Killed Grum
  6722 | D:9      | Noticed an unseen horror
  6868 | D:9      | Killed an unseen horror
  6933 | D:9      | Killed a cyan ugly thing
  6968 | D:9      | Noticed a brown ugly thing
  6982 | D:9      | Found Hopnoyfel's Weapon Shop.
  6986 | D:10     | Entered Level 10 of the Dungeon
  7124 | D:10     | Noticed a hill giant
  7133 | D:10     | Killed a hill giant
  7146 | D:10     | Reached XP level 11. HP: 81/94 MP: 23/23
  7177 | D:10     | Found a staircase to the Orcish Mines.
  7197 | D:10     | Found a roughly hewn altar of Beogh.
  7361 | D:10     | Found a staircase to the Lair.
  7450 | D:10     | Noticed Josephine
  7465 | Lair:1   | Entered Level 1 of the Lair of Beasts
  7514 | Lair:1   | Found a dark tunnel.
  7532 | Volcano  | Entered a volcano
  7614 | Volcano  | Found a bloodstained altar of Trog.
  7614 | Volcano  | Noticed a hell knight
  7624 | Volcano  | Killed a hell knight
  7624 | Volcano  | Reached skill level 10 in Armour
  8056 | Lair:1   | Noticed a six-headed hydra
  8092 | D:10     | Killed Josephine
  8604 | D:9      | Killed a brown ugly thing
  8604 | D:9      | Reached XP level 12. HP: 103/103 MP: 23/23
  8704 | D:9      | Noticed a hill giant
  8711 | D:9      | Killed a hill giant
  8842 | D:11     | Found a deep blue altar of Sif Muna.
  8853 | D:11     | Noticed an eight-headed hydra
  8858 | D:11     | Killed a five-headed hydra
  8874 | D:11     | Found a frozen archway.
  8954 | D:11     | Noticed Gastronok
  8972 | D:11     | Killed Gastronok
  9030 | D:11     | Identified a scroll of acquirement
  9038 | D:11     | HP: 3/106 [sixfirhy[a kobold demonologist] (7)]
  9472 | IceCv    | Entered an ice cave
  9775 | IceCv    | Noticed a frost giant
  9789 | IceCv    | Killed a frost giant
  9789 | IceCv    | Reached skill level 10 in Fighting
  9822 | IceCv    | Identified the Incunabulum of Boosts
  9955 | D:11     | Reached XP level 13. HP: 107/124 MP: 21/21
 10112 | Lair:1   | Killed a one-headed hydra
 10927 | Lair:2   | Noticed Nergalle
 10938 | Lair:2   | Killed Nergalle
 11556 | Lair:3   | Reached skill level 14 in Axes
 11779 | Lair:3   | Found a staircase to the Shoals.
 12423 | Lair:4   | Reached skill level 15 in Axes
 13658 | Lair:5   | Found a staircase to the Snake Pit.
 13661 | Lair:5   | Reached skill level 16 in Axes
 14026 | Lair:5   | Reached skill level 1 in Dodging
 14026 | Lair:5   | Gained mutation: You resist negative energy. [level up]
 14026 | Lair:5   | Reached XP level 14. HP: 127/135 MP: 22/22
 14455 | Lair:6   | Found a staircase to the Slime Pits.
 14529 | Lair:6   | Mandevil: So far so good, right?
 14529 | Lair:6   | yes. this could be a streak win. although it wont count for points
 15019 | Lair:6   | this is a really strong character
 15251 | Lair:7   | Reached skill level 5 in Dodging
 16828 | D:7      | Bought a +2 cloak of magic resistance for 279 gold pieces
 17142 | Lair:8   | Entered Level 8 of the Lair of Beasts
 17409 | Lair:8   | Noticed Erica
 17417 | Lair:8   | Killed Erica
 17417 | Lair:8   | Reached skill level 10 in Dodging
 17562 | Lair:8   | Mandevil: Three players have already won...
 17562 | Lair:8   | on our team or others?
 17562 | Lair:8   | i guess others
 17564 | Lair:8   | Mandevil: In the Tournament.
 17564 | Lair:8   | pft. we're gonna be in the top 10 at least.
 17573 | Lair:8   | look at this badassery
 17580 | Lair:8   | e-z
 17630 | Lair:8   | see that AC?
 17630 | Lair:8   | wait til i get 1046 gold
 17767 | Lair:8   | Reached XP level 15. HP: 141/141 MP: 23/23
 18602 | Orc:1    | Entered Level 1 of the Orcish Mines
 18746 | Orc:1    | Noticed Eustachio
 18752 | Orc:1    | Reached skill level 1 in Evocations
 18760 | Orc:1    | Killed Eustachio
 18778 | Orc:1    | Noticed Edmund
 18786 | Orc:1    | Killed Edmund
 19687 | Orc:3    | Found a deep blue altar of Sif Muna.
 19696 | Orc:3    | Noticed Harold
 19708 | Orc:3    | Killed Harold
 20060 | Orc:3    | Reached skill level 5 in Evocations
 20080 | Orc:4    | Entered Level 4 of the Orcish Mines
 20107 | Orc:4    | Found a staircase to the Elven Halls.
 20468 | Orc:4    | Found Marche Blaucw's Gadget Boutique.
 20484 | Orc:4    | Found Zonemov's Food Emporium.
 20526 | Orc:4    | Found a roughly hewn altar of Beogh.
 20558 | Orc:4    | Found Seliteurph's Armour Boutique.
 20665 | Orc:4    | Found Prumatez's Food Emporium.
 20933 | Orc:4    | Bought a wand of teleportation (2) for 252 gold pieces
 21170 | Snake:1  | Entered Level 1 of the Snake Pit
 22022 | Snake:1  | Got a brightly glowing halberd
 22023 | Snake:1  | Identified the +10 halberd "Xoarch" {freeze, +Blink} (You found it on level 1 of the Snake Pit)
 22284 | Snake:2  | Noticed Rupert
 22302 | Snake:2  | Killed Rupert
 22349 | Snake:2  | Reached skill level 17 in Axes
 22552 | Snake:2  | Gained mutation: You are resistant to hostile enchantments. [mutagenic meat]
 22553 | Snake:2  | Gained mutation: You have sharp toenails. [mutagenic meat]
 22554 | Snake:2  | Gained mutation: You are robust (+10% HP). [mutagenic meat]
 22555 | Snake:2  | Gained mutation: You are resistant to electric shocks. [mutagenic meat]
 23322 | Snake:3  | Reached skill level 18 in Axes
 23590 | Snake:3  | Reached XP level 16. HP: 117/165 MP: 24/24
 23628 | Snake:3  | Gained mutation: Your flesh is cold resistant. [mutagenic meat]
 23751 | Snake:3  | Gained mutation: Your magical capacity is low (-10% MP). [mutagenic meat]
 23752 | Snake:3  | Gained mutation: You are partially covered in icy blue scales (AC +1). [mutagenic meat]
 23753 | Snake:3  | Gained mutation: You can spit poison. [mutagenic meat]
 24787 | Snake:5  | Entered Level 5 of the Snake Pit
 24884 | Snake:5  | Found Pogenonwoxoa's Gadget Emporium.
 25016 | Snake:5  | Found a bloodstained altar of Trog.
 25278 | Snake:5  | Gained mutation: You have razor-sharp toenails. [mutagenic meat]
 25279 | Snake:5  | Lost mutation: Your flesh is cold resistant. [mutagenic meat]
 25326 | Snake:5  | Mandevil: Boo!
 25326 | Snake:5  | this is TENSE
 25326 | Snake:5  | ok i need to not die
 25337 | Snake:5  | Reached skill level 15 in Dodging
 25392 | Snake:5  | ok phew
 25392 | Snake:5  | let's not be a moron again
 25494 | Snake:5  | Mandevil: Quaff potion of brilliance for more brilliant ideas.
 25494 | Snake:5  | take a look at my muts
 25494 | Snake:5  | i played some mutt roulette :p and Ha ha.
 25494 | Snake:5  | i had rC but it got removed. -10%MP is only bad mut i got
 25494 | Snake:5  | Mandevil: Rather good ones there.
 25494 | Snake:5  | yay
 25633 | Snake:5  | Mandevil: If you don't die, you're going to be the first on the team with a rune.
 25633 | Snake:5  | No pressure -.-
 25633 | Snake:5  | I either die at the start or at lair runes.
 25638 | Snake:5  | Mandevil: No one else is even close.
 25638 | Snake:5  | but have they been playing?
 25639 | Snake:5  | Mandevil: Yes.
 25639 | Snake:5  | wait til i get this rune then i'm going to be egotistic
 25639 | Snake:5  | i wish the 1 did not stand in the doorway
 25645 | Snake:5  | Mandevil: Gf is still not here...
 25645 | Snake:5  | :p ha ha.
 25665 | Snake:5  | GIVE ME HP MAKHLEB
 25758 | Snake:5  | ready?
 25758 | Snake:5  | Mandevil: Hope I won't run into a wild boar this late...
 25758 | Snake:5  | :( don't make me worry
 25758 | Snake:5  | Mandevil: Yes.
 25759 | Snake:5  | Got a serpentine rune of Zot
 25760 | Snake:5  | Mandevil: \o/ the first team rune!
 25760 | Snake:5  | YAYAYAYAYAYAYAYAYAYYA
 25760 | Snake:5  | Mandevil: You're damn fast.
 25760 | Snake:5  | really?
 25760 | Snake:5  | maybe cause no healing.
 25760 | Snake:5  | this game was REALLY good. RNG is favouring me
 25837 | Snake:5  | Mandevil: I'm only ready to take on Orc:4.
 25921 | Snake:1  | i did volcano and ice caves too. but i think i only semi completed ice caves. i didnt want to backtrack through ice clouds.
 25921 | Snake:1  | i had no rC
 26161 | D:12     | Reached XP level 17. HP: 174/174 MP: 21/21
 26388 | D:12     | Found a portal to a secret trove of treasure.
 26406 | D:12     | last game i had something like 20~ scrolls of tele. this one needs 12. I currently have 5, but i have wand of tele.
 27636 | D:13     | Noticed Psyche
 27676 | D:13     | Killed Psyche
 27711 | D:13     | didn't want to risk being abyssed
 27769 | D:13     | Identified a +0 rod of clouds (13/13) (You found it on level 13 of the Dungeon)
 27770 | D:13     | PERFECT!
 27832 | D:13     | Mandevil: Nice :)
 28022 | D:13     | Identified Sif Muna's Handbook of the Escort (You found it on level 13 of the Dungeon)
 28385 | D:13     | are you watching?
 28395 | D:14     | Mandevil: Yes, but also playing my game.
 28395 | D:14     | cool :D
 28469 | D:14     | Found a shadowy altar of Dithmenos.
 28564 | D:14     | Mandevil: Boots of running and helmet of intelligence in ORc:4.
 28564 | D:14     | LUCKY!!!!!!!!!!!!!!!!!!!!!!!!!!!!!!!!!!!!!!!!111
 28564 | D:14     | i'd love boots of running
 28564 | D:14     | to be fair, in an early shop, i found +2 helmet of see invis, and +2 cloak of MR+
 28564 | D:14     | same shop has a pretty good +8 plate armour randart
 28564 | D:14     | Mandevil: Helps a bit.
 28646 | D:14     | Mandevil: Yea, seen that, it's rather good one for sure.
 28646 | D:14     | yeah :D i'll train armour a bit before buying it
 28676 | D:14     | Found a gate to the Vaults.
 28745 | D:14     | Mandevil: Gf is having good time it seems.
 28745 | D:14     | good :D does it really take that long to close off IRC?
 28753 | D:14     | we could just chat there
 29233 | D:15     | Entered Level 15 of the Dungeon
 29281 | D:15     | Mandevil: Well, she's texted me, I'm going to get her.
 29281 | D:15     | ah ok!
 29281 | D:15     | thanks for watching. have a good weekend.
 29281 | D:15     | i'll win this game
 29281 | D:15     | Mandevil: To you too. Thanks for chatting.
 29281 | D:15     | :)
 29381 | D:15     | Found Yffiagi's Antique Weapon Boutique.
 29385 | D:15     | Found Cuqulasch's Distillery.
 29410 | D:15     | Bought a potion of heal wounds for 90 gold pieces
 29410 | D:15     | Bought a potion of curing for 54 gold pieces
 29410 | D:15     | Bought a potion of heal wounds for 90 gold pieces
 29410 | D:15     | Bought a potion of heal wounds for 90 gold pieces
 29410 | D:15     | Bought a potion of might for 72 gold pieces
 29410 | D:15     | Bought a potion of curing for 54 gold pieces
 29410 | D:15     | Bought a potion of cancellation for 144 gold pieces
 29410 | D:15     | Bought a potion of agility for 72 gold pieces
 29410 | D:15     | Bought a potion of restore abilities for 90 gold pieces
 29413 | D:15     | Found Phatt's Gadget Emporium.
 29416 | D:15     | Found Owkallae's Book Shop.
 29476 | D:15     | Reached skill level 15 in Armour
 29691 | D:15     | Found a staircase to the Depths.
 29739 | D:15     | Found Qosul's Weapon Boutique.
 30473 | Shoals:1 | Entered Level 1 of the Shoals
 31190 | Shoals:2 | Got a coiled glass ring
 31193 | Shoals:2 | Identified the ring of Taoleit {Contam rPois rC- MR+ Str+3 Slay+6} (You found it on level 2 of the Shoals)
 31998 | D:7      | Bought the +8 plate armour "Zurishre" {+Fly rC+ rCorr Int-2} for 1046 gold pieces
 32237 | Shoals:2 | You fall through a shaft for 2 floors!
 32350 | Shoals:3 | Found Cely's General Store.
 32540 | Shoals:3 | Noticed Polyphemus
 32557 | Shoals:3 | Killed Polyphemus
 32562 | Shoals:3 | Gained mutation: You passively map a large area around you. [level up]
 32562 | Shoals:3 | Reached XP level 18. HP: 184/184 MP: 22/22
 32634 | Shoals:3 | Noticed Mara
 32645 | Shoals:3 | Killed Mara
 32750 | Shoals:3 | Bought 2 scrolls of blinking for 255 gold pieces
 32750 | Shoals:3 | Bought a scroll of fog for 34 gold pieces
 32973 | Shoals:4 | Noticed Nikola
 33126 | Shoals:4 | Killed Nikola
 33626 | Shoals:5 | Entered Level 5 of the Shoals
 33645 | Shoals:5 | Noticed Ilsuiw
 33823 | Shoals:5 | Reached skill level 19 in Armour
 33905 | Shoals:5 | Killed Ilsuiw
 33982 | Shoals:5 | Noticed Frances
 33986 | Shoals:5 | Killed Frances
 34184 | Shoals:5 | Got a steaming jade ring
 34196 | Shoals:5 | Lost intelligence.
 34196 | Shoals:5 | Identified the ring of Cuviriyv {rElec rF- rN+ Int-5 Dex+7 Stlth+} (You found it on level 5 of the Shoals)
 34424 | Shoals:5 | Got a barnacled rune of Zot
 34956 | Elf:1    | Entered Level 1 of the Elven Halls
 34968 | Elf:1    | Reached skill level 20 in Armour
 35138 | Elf:1    | Found Zaankaic's One-of-a-Kind Books.
 35948 | Elf:2    | Reached XP level 19. HP: 192/192 MP: 23/23
 36037 | Elf:2    | Found a runed gate.
 36037 | Elf:2    | Found a runed gate.
 36037 | Elf:2    | Found a runed gate.
 36227 | Elf:2    | Found Pemodghy's Assorted Antiques.
 36243 | Elf:2    | Bought a scroll of identify for 68 gold pieces
 36243 | Elf:2    | Bought a sparkling jade ring for 170 gold pieces
 36264 | Elf:2    | Identified the ring "Bruarhit" {-Tele rElec rF+++ Dex+3 Stlth+} (You bought it in a shop on level 2 of the Elven Halls)
 36853 | Elf:3    | Entered Level 3 of the Elven Halls
 36900 | Elf:3    | Found a shimmering altar of Xom.
 36944 | Elf:3    | Found Brofomm's Magic Scroll Shop.
 37080 | Elf:3    | Bought a scroll of teleportation for 63 gold pieces
 37080 | Elf:3    | Bought a scroll of blinking for 157 gold pieces
 37080 | Elf:3    | Bought a scroll of magic mapping for 73 gold pieces
 37080 | Elf:3    | Bought a scroll of enchant weapon for 157 gold pieces
 37080 | Elf:3    | Bought a scroll of recharging for 199 gold pieces
 37254 | Elf:2    | Bought a potion of restore abilities for 170 gold pieces
 37254 | Elf:2    | Bought a potion of restore abilities for 170 gold pieces
 37332 | Elf:3    | Found Shrel's Gadget Shop.
 37537 | Elf:3    | Reached skill level 21 in Axes
 37941 | Elf:3    | Got an ichor-stained greatsling
 38069 | Elf:3    | Got a translucent brass ring
 38097 | Elf:3    | Got a translucent granite ring
 38161 | Elf:3    | Identified the ring of Teniriol {rPois rF+ MR- MP-9 Int+4 Stlth-} (You found it on level 3 of the Elven Halls)
 38163 | Elf:3    | Identified the ring "Twiemmets" {+/*Tele +Inv} (You found it on level 3 of the Elven Halls)
 38266 | Elf:3    | Gained mutation: You are partially covered in thin metallic scales (AC +2). [potion of beneficial mutation]
 38308 | Elf:3    | Got a smoking helmet
 38319 | Elf:3    | Identified the +1 helmet of Insecurity {rF+} (You found it on level 3 of the Elven Halls)
 38342 | Elf:3    | Identified Thu Thue's Catalogue of Augmentations (You found it on level 3 of the Elven Halls)
 38809 | Elf:3    | Got a fine ring mail
 39150 | Lair:1   | Identified the +1 ring mail of the Trees {rF+ Int+2} (You found it on level 3 of the Elven Halls)
 39382 | Depths:1 | Entered Level 1 of the Depths
 39443 | Depths:1 | Found a gateway to Hell.
 39505 | Depths:1 | Reached skill level 22 in Axes
 39517 | Depths:1 | Reached XP level 20. HP: 201/201 MP: 23/23
 39529 | Depths:1 | Gained mutation: Your spells are a little harder to cast, but a little more powerful. [mutagenic meat]
 39530 | Depths:1 | Gained mutation: Your magical capacity is very low (-20% MP). [mutagenic meat]
 39610 | Depths:1 | Lost mutation: Your spells are a little harder to cast, but a little more powerful. [mutagenic meat]
 39612 | Depths:1 | Gained mutation: Your spells are a little easier to cast, but a little less powerful. [mutagenic meat]
 39613 | Depths:1 | Lost mutation: You can spit poison. [mutagenic meat]
 39639 | Depths:1 | Lost mutation: Your spells are a little easier to cast, but a little less powerful. [mutagenic meat]
 39875 | Depths:1 | Reached skill level 23 in Axes
 40164 | Depths:1 | Found a one-way gate to the infinite horrors of the Abyss.
 40315 | Depths:2 | Gained mutation: You can translocate small distances at will. [mutagenic meat]
 40316 | Depths:2 | Lost mutation: You are resistant to electric shocks. [mutagenic meat]
 40317 | Depths:2 | Lost mutation: You are partially covered in thin metallic scales (AC +2). [mutagenic meat]
 40318 | Depths:2 | Gained mutation: You have claws for feet. [mutagenic meat]
 40319 | Depths:2 | Lost mutation: You are robust (+10% HP). [mutagenic meat]
 40320 | Depths:2 | Lost mutation: Your magical capacity is very low (-20% MP). [mutagenic meat]
 40326 | Depths:2 | Found Gozag's Antique Weapon Shop.
 40329 | Depths:2 | Found an opulent altar of Gozag.
 40329 | Depths:2 | Found Gozag's Antique Weapon Shop.
 40329 | Depths:2 | Noticed a golden dragon
 40336 | Depths:2 | Found Gozag's Antique Weapon Boutique.
 40371 | Depths:2 | Killed a golden dragon
 40703 | Depths:2 | Found Ching's Magic Scroll Emporium.
 40707 | Depths:2 | Bought a scroll of enchant weapon for 105 gold pieces
 40861 | Depths:2 | Gained mutation: You are partially covered in rough black scales (AC +4, Dex -1). [mutagenic meat]
 40862 | Depths:2 | Gained mutation: You are dopey. (Int -2) [mutagenic meat]
 41019 | Depths:2 | Reached skill level 24 in Axes
 41886 | Depths:3 | Reached XP level 21. HP: 190/190 MP: 24/24
 41901 | Depths:3 | Found a one-way gate leading to the halls of Pandemonium.
 42869 | Depths:4 | Reached skill level 25 in Axes
 42963 | Depths:4 | Gained mutation: You are surrounded by a mild repulsion field (EV +2). [mutagenic meat]
 43064 | Depths:4 | Got a scorched marble ring
 43123 | Depths:4 | Identified the ring "Vausuzoo" {rPois rF+ Int+3 Slay-4} (You found it on level 4 of the Depths)
 43281 | Depths:4 | Reached skill level 26 in Axes
 43660 | Depths:4 | Lost mutation: Your magical capacity is low (-10% MP). [mutagenic meat]
 43661 | Depths:4 | Lost mutation: You are partially covered in icy blue scales (AC +1). [mutagenic meat]
 44146 | Depths:5 | Entered Level 5 of the Depths
 44158 | Depths:5 | Found a gateway to a ziggurat.
 44244 | Depths:5 | Found a gate to the Realm of Zot.
 44267 | Depths:5 | Reached XP level 22. HP: 198/198 MP: 28/28
 44622 | Depths:5 | Found Hop Enk's Gadget Emporium.
 44705 | Depths:5 | Reached skill level 27 in Axes
 44870 | Depths:5 | Found a corrupted altar of Lugonu.
 44960 | Depths:5 | Lost mutation: You are dopey. (Int -2) [mutagenic meat]
 45068 | Depths:5 | Got a jewelled hunting sling
 45094 | Depths:5 | Gained mutation: Your magical capacity is low (-10% MP). [mutagenic meat]
 45555 | Lair:1   | Lost mutation: You have claws for feet. [potion of mutation]
 45555 | Lair:1   | Gained mutation: You are weak. (Str -2) [potion of mutation]
 45555 | Lair:1   | Gained mutation: Armour fits poorly on your strangely shaped body. [potion of mutation]
 45557 | Lair:1   | Lost mutation: You have razor-sharp toenails. [potion of cure mutation]
 45557 | Lair:1   | Lost mutation: Armour fits poorly on your strangely shaped body. [potion of cure mutation]
 45557 | Lair:1   | Lost mutation: You have sharp toenails. [potion of cure mutation]
 45557 | Lair:1   | Lost mutation: You can translocate small distances at will. [potion of cure mutation]
 45557 | Lair:1   | Lost mutation: You are surrounded by a mild repulsion field (EV +2). [potion of cure mutation]
 45739 | Vaults:1 | Entered Level 1 of the Vaults
 45787 | Vaults:1 | Found Qigg's Gadget Boutique.
 45801 | Vaults:1 | Found Klaegox's Book Emporium.
 45866 | Vaults:1 | Gained mutation: You are somewhat resistant to further mutation. [mutagenic meat]
 46174 | Vaults:1 | Gained mutation: You are clumsy. (Dex -2) [mutagenic meat]
 46357 | Vaults:1 | Found a roughly hewn altar of Beogh.
 46593 | Vaults:1 | Identified a -1 rod of clouds (10/10) (You found it on level 1 of the Vaults)
 46642 | Vaults:1 | Found a gateway to a bazaar.
 46799 | Bazaar   | Entered a bazaar
 46818 | Bazaar   | Found Hiumisil's Armour Emporium.
 46829 | Bazaar   | Found Goblicul's Armour Emporium.
 46874 | Bazaar   | Found Zaox's Weapon Shoppe.
 46898 | Bazaar   | Found Iruetwy's Magic Scroll Emporium.
 46903 | Bazaar   | Bought a scroll of summoning for 66 gold pieces
 46903 | Bazaar   | Bought a scroll of teleportation for 21 gold pieces
 46903 | Bazaar   | Bought a scroll of enchant weapon for 52 gold pieces
 46903 | Bazaar   | Bought a scroll of identify for 14 gold pieces
 46903 | Bazaar   | Bought a scroll of identify for 14 gold pieces
 46957 | Bazaar   | Found Phailar's Book Shoppe.
 47171 | Vaults:2 | Gained mutation: Your flesh is heat resistant. [mutagenic meat]
 47185 | Vaults:2 | Lost mutation: Your magical capacity is low (-10% MP). [mutagenic meat]
 47186 | Vaults:2 | Gained mutation: You are partially covered in slimy green scales (AC +2). [mutagenic meat]
 47513 | Vaults:2 | Found Chacunic's Armour Shop.
 47917 | Vaults:2 | Reached skill level 15 in Fighting
 47995 | Vaults:2 | Found a staircase to the Crypt.
 47995 | Vaults:2 | Found an ancient bone altar of Kikubaaqudgha.
 47996 | Vaults:2 | Found a basalt altar of Yredelemnul.
 48552 | Vaults:3 | Noticed Saint Roka
 48559 | Vaults:3 | Found Rusot's Gadget Emporium.
 48566 | Vaults:3 | Killed Saint Roka
 48668 | Vaults:3 | Found Smaumm's Book Emporium.
 48922 | Vaults:3 | Gained mutation: You can breathe flames. [mutagenic meat]
 48965 | Vaults:3 | Reached XP level 23. HP: 217/217 MP: 30/30
 49041 | Vaults:3 | Found Uhungef's Book Boutique.
 49428 | Vaults:3 | Gained mutation: You are partially covered in molten scales (AC +1). [mutagenic meat]
 49432 | Vaults:3 | Gained mutation: You are dopey. (Int -2) [mutagenic meat]
 49454 | Vaults:3 | Found Wecucyck's Jewellery Boutique.
 49466 | Vaults:3 | Bought the brooch of Shielding {Ward rN+ AC+4 EV+4} for 834 gold pieces
 49534 | Vaults:3 | Gained mutation: Your flesh is very heat resistant. [mutagenic meat]
 49537 | Vaults:3 | Lost mutation: You are resistant to hostile enchantments. [mutagenic meat]
 49541 | Vaults:3 | Gained mutation: Scrolls take you a little longer to read. [mutagenic meat]
 49694 | Vaults:4 | Reached skill level 15 in Invocations
 50248 | Vaults:4 | Found a white marble altar of Elyvilon.
 51365 | Crypt:1  | Entered Level 1 of the Crypt
 51522 | Crypt:1  | Got a heavily runed buckler
 51558 | Crypt:1  | Reached skill level 10 in Evocations
 51934 | Crypt:2  | Noticed Sojobo
 51949 | Crypt:2  | Killed Sojobo
 52231 | Crypt:2  | Found an ancient bone altar of Kikubaaqudgha.
 52276 | Crypt:2  | Identified the Tome of Evil Arts
 52593 | Crypt:3  | Entered Level 3 of the Crypt
 52653 | Crypt:3  | Got a faintly glowing iron ring
 52660 | Crypt:3  | Identified the -3 buckler "Crinerax" {rElec rF+} (You found it on level 1 of the Crypt)
 52661 | Crypt:3  | Identified the ring "Thyskay" {Ice rElec rPois Str-5 Dex+2} (You found it on level 3 of the Crypt)
 52813 | Crypt:3  | Reached XP level 24. HP: 222/222 MP: 33/33
 52821 | Crypt:3  | Reached skill level 15 in Evocations
 52855 | Crypt:3  | Found a staircase to the Tomb.
 53260 | Crypt:3  | Found a basalt altar of Yredelemnul.
 53522 | Crypt:3  | Identified Gloorx Vloq's Reference Book on Evil Magic
 53524 | Crypt:3  | Got a bound tin ring
 53961 | Crypt:3  | Identified Bryfadeh's Reference Book on Combat Magic (You found it on level 3 of the Crypt)
 53987 | Crypt:3  | Identified the ring "Poiha" {Contam rElec rF+ Int+2 Dex+5} (You found it on level 3 of the Crypt)
 53994 | Crypt:3  | Identified Lee's Compendium of Floating Damage Dealing (You found it on level 3 of the Crypt)
 54625 | Lair:1   | Lost mutation: You are clumsy. (Dex -2) [potion of cure mutation]
 54625 | Lair:1   | Lost mutation: You are partially covered in slimy green scales (AC +2). [potion of cure mutation]
 54625 | Lair:1   | Lost mutation: You are weak. (Str -2) [potion of cure mutation]
 54626 | Lair:1   | Lost mutation: Scrolls take you a little longer to read. [potion of cure mutation]
 54626 | Lair:1   | Lost mutation: You are somewhat resistant to further mutation. [potion of cure mutation]
 54626 | Lair:1   | Lost mutation: You are partially covered in rough black scales (AC +4, Dex -1). [potion of cure mutation]
 54626 | Lair:1   | Lost mutation: You are partially covered in molten scales (AC +1). [potion of cure mutation]
 54626 | Lair:1   | Lost mutation: You can breathe flames. [potion of cure mutation]
 55038 | Crypt:3  | Got a steaming bone ring
 55460 | Lair:1   | Identified the ring of Tri Cloxt {Wiz Dex+3} (You found it on level 3 of the Crypt)
 55762 | Vaults:5 | Entered Level 5 of the Vaults
 55833 | Vaults:5 | Reached XP level 25. HP: 229/229 MP: 35/35
 55951 | Vaults:5 | Gained mutation: You can translocate small distances at will. [mutagenic meat]
 55952 | Vaults:5 | Lost mutation: You are dopey. (Int -2) [mutagenic meat]
 55963 | Vaults:5 | Gained mutation: You have a pair of small horns on your head. [mutagenic meat]
 55964 | Vaults:5 | Gained mutation: You have sharp fingernails. [mutagenic meat]
 56148 | Vaults:5 | Got a silver rune of Zot
 56230 | Vaults:5 | Gained mutation: You have sharp toenails. [mutagenic meat]
 56313 | Vaults:5 | Found Coecs' Armour Emporium.
 56337 | Vaults:5 | Gained mutation: You have supernaturally acute eyesight. [potion of beneficial mutation]
 56797 | Vaults:5 | Got a crude silver ring
 56806 | Vaults:5 | Identified the ring of Akoiqira {rElec Str+4 Int-4 SInv} (You found it on level 5 of the Vaults)
 56813 | Vaults:5 | Drew Focus: Str increased to 24, Int decreased to 12
 56814 | Vaults:5 | Gained mutation: Your flesh is cold resistant. [helix card]
 56819 | Vaults:5 | Got a crystal shortbow
 57693 | Slime:1  | Entered Level 1 of the Pits of Slime
 57695 | Slime:1  | Gained mutation: You are dopey. (Int -2) [a shining eye]
 57696 | Slime:1  | Gained mutation: Space occasionally distorts in your vicinity. [a shining eye]
 57698 | Slime:1  | Gained mutation: You expend magic power (3 MP) to slightly strengthen your wands. [a shining eye]
 57969 | Slime:1  | Gained mutation: Your spells are a little easier to cast, but a little less powerful. [a shining eye]
 58164 | Slime:2  | Noticed Dissolution
 58177 | Slime:2  | Paralysed by a giant eyeball for 2 turns
 58181 | Slime:2  | Killed Dissolution
 58615 | Slime:3  | Lost mutation: You expend magic power (3 MP) to slightly strengthen your wands. [a shining eye]
 59013 | Slime:3  | Gained mutation: You are clumsy. (Dex -2) [a shining eye]
 59136 | Slime:4  | Gained mutation: You are frail (-10% HP). [a shining eye]
 59139 | Slime:4  | Gained mutation: You expend magic power (3 MP) to slightly strengthen your wands. [a shining eye]
 59227 | Slime:4  | Lost mutation: You have supernaturally acute eyesight. [a shining eye]
 59230 | Slime:4  | Reached XP level 26. HP: 213/213 MP: 20/36
 60049 | Slime:6  | Entered Level 6 of the Pits of Slime
 60438 | Slime:6  | Noticed the royal jelly
 60462 | Slime:6  | Killed the royal jelly
 60550 | Slime:6  | Got a slimy rune of Zot
 60557 | Slime:6  | Got a scorched glass ring
 60599 | Slime:6  | Got a brightly glowing bronze ring
 60661 | Slime:6  | Got a clouded brass ring
 60715 | Slime:6  | Identified the ring of Levity {Ice rElec rPois} (You found it on level 6 of the Pits of Slime)
 60740 | Slime:6  | Identified the ring of Winter {SustAb Str+3} (You found it on level 6 of the Pits of Slime)
 60742 | Slime:6  | Identified the ring "Dofehein" {rElec rF+ MR+ Stlth+} (You found it on level 6 of the Pits of Slime)
 60768 | Slime:6  | Lost mutation: You are clumsy. (Dex -2) [helix card]
 61187 | Lair:1   | Lost mutation: You expend magic power (3 MP) to slightly strengthen your wands. [helix card]
 61634 | Zot:1    | Entered Level 1 of the Realm of Zot
 61957 | Zot:1    | Lost mutation: You are frail (-10% HP). [potion of cure mutation]
 61957 | Zot:1    | Lost mutation: Your flesh is cold resistant. [potion of cure mutation]
 61957 | Zot:1    | Lost mutation: You have sharp toenails. [potion of cure mutation]
 61957 | Zot:1    | Lost mutation: You can translocate small distances at will. [potion of cure mutation]
 61957 | Zot:1    | Lost mutation: Your spells are a little easier to cast, but a little less powerful. [potion of cure mutation]
 62261 | Zot:1    | Reached skill level 27 in Armour
 63230 | Zot:2    | Reached XP level 27. HP: 250/254 MP: 36/36
 63768 | Zot:3    | Gained mutation: Your magical capacity is low (-10% MP). [potion of mutation]
 63768 | Zot:3    | Gained mutation: You can breathe flames. [potion of mutation]
 63768 | Zot:3    | Gained mutation: Your muscles are strong. (Str +2) [potion of mutation]
 63924 | Zot:3    | Gained mutation: You are agile. (Dex +2) [potion of mutation]
 63924 | Zot:3    | Gained mutation: You are very agile. (Dex +4) [potion of mutation]
 64162 | Zot:3    | Lost mutation: You can breathe flames. [mutagenic meat]
 64365 | Zot:4    | Noticed an orb of fire
 64375 | Zot:4    | Killed an orb of fire
 64948 | Zot:5    | Entered Level 5 of the Realm of Zot
 65520 | Zot:5    | Noticed an ancient lich
 65524 | Zot:5    | Killed an ancient lich
 65540 | Zot:5    | Noticed an ancient lich
 65549 | Zot:5    | Killed an ancient lich
 65607 | Zot:5    | Noticed an orb of fire
 65608 | Zot:5    | Noticed an orb of fire
 65613 | Zot:5    | Noticed an ancient lich
 65614 | Zot:5    | Noticed an orb of fire
 65615 | Zot:5    | Gained mutation: Your body is slowly deteriorating. [an orb of fire]
 65619 | Zot:5    | Noticed an orb of fire
 65624 | Zot:5    | Killed an orb of fire
 65626 | Zot:5    | Killed an ancient lich
 65627 | Zot:5    | Killed an orb of fire
 65629 | Zot:5    | Noticed an ancient lich
 65639 | Zot:5    | Gained mutation: Scrolls take you a little longer to read. [an orb of fire]
 65640 | Zot:5    | Killed an orb of fire
 65641 | Zot:5    | Gained mutation: Scrolls take you longer to read. [an orb of fire]
 65642 | Zot:5    | Killed an orb of fire
 65644 | Zot:5    | Killed an ancient lich
 65778 | Zot:5    | Noticed an orb of fire
 65781 | Zot:5    | Noticed an ancient lich
 65782 | Zot:5    | Noticed an orb of fire
 65783 | Zot:5    | Noticed an ancient lich
 65789 | Zot:5    | Killed an orb of fire
 65790 | Zot:5    | Killed an orb of fire
 65793 | Zot:5    | Killed an ancient lich
 65795 | Zot:5    | Killed an ancient lich
 65811 | Zot:5    | Noticed an ancient lich
 65818 | Zot:5    | Killed an ancient lich
 65883 | Zot:5    | Noticed an ancient lich
 65890 | Zot:5    | Killed an ancient lich
 66492 | D:15     | Bought a potion of cure mutation for 630 gold pieces
 66492 | D:15     | Lost mutation: You are dopey. (Int -2) [potion of cure mutation]
 66492 | D:15     | Lost mutation: Your magical capacity is low (-10% MP). [potion of cure mutation]
 66492 | D:15     | Lost mutation: Your body is slowly deteriorating. [potion of cure mutation]
 66492 | D:15     | Lost mutation: Scrolls take you longer to read. [potion of cure mutation]
 66986 | Depths:1 | Voluntarily entered the Abyss.
 67212 | Abyss:3  | Gained mutation: Scrolls take you longer to read. [a neqoxec]
 67214 | Abyss:3  | Gained mutation: Your magical capacity is low (-10% MP). [a neqoxec]
 67226 | Abyss:3  | Noticed an ancient lich
 67235 | Abyss:3  | Killed an ancient lich
 67463 | Abyss:3  | Gained mutation: Your magical capacity is very low (-20% MP). [mutagenic meat]
 67464 | Abyss:3  | Lost mutation: You have a pair of small horns on your head. [mutagenic meat]
 67466 | Abyss:3  | Gained mutation: You tend to lose your temper in combat. [mutagenic meat]
 67468 | Abyss:3  | Lost mutation: Your magical capacity is very low (-20% MP). [mutagenic meat]
 67469 | Abyss:3  | Gained mutation: Your body is slowly deteriorating. [mutagenic meat]
 67474 | Abyss:3  | Lost mutation: Space occasionally distorts in your vicinity. [mutagenic meat]
 67772 | Abyss:3  | Got an abyssal rune of Zot
 68211 | Depths:1 | Escaped the Abyss
 68469 | Lair:1   | Lost mutation: Your body is slowly deteriorating. [potion of cure mutation]
 68469 | Lair:1   | Lost mutation: Your magical capacity is low (-10% MP). [potion of cure mutation]
 68469 | Lair:1   | Lost mutation: Your muscles are strong. (Str +2) [potion of cure mutation]
 68469 | Lair:1   | Lost mutation: Your flesh is very heat resistant. [potion of cure mutation]
 68469 | Lair:1   | Lost mutation: Your flesh is heat resistant. [potion of cure mutation]
 68834 | Pan      | Entered Pandemonium
 68933 | Pan      | Noticed Ziocauf the pandemonium lord
 68938 | Pan      | Killed Ziocauf the pandemonium lord
 69417 | Pan      | Found an exit through the horrors of the Abyss.
 70002 | Pan      | Found an exit through the horrors of the Abyss.
 70029 | Pan      | Gained mutation: Armour fits poorly on your strangely shaped body. [a cacodemon]
 70157 | Pan      | Found an exit through the horrors of the Abyss.
 70644 | Pan      | Noticed Syaxkon the pandemonium lord
 70652 | Pan      | Killed Syaxkon the pandemonium lord
 70817 | Pan      | Found an exit through the horrors of the Abyss.
 70839 | Pan      | Noticed Inaifaq the pandemonium lord
 70853 | Pan      | Killed Inaifaq the pandemonium lord
 70886 | Pan      | Got a demonic rune of Zot
 71509 | Pan      | Found an exit through the horrors of the Abyss.
 71639 | Pan      | Reached skill level 27 in Fighting
 71915 | Pan      | Found a runed door.
 71933 | Pan      | Found a runed door.
 71947 | Pan      | Found a runed door.
 72037 | Pan      | Found a runed door.
 72127 | Pan      | Noticed Joth the pandemonium lord
 72131 | Pan      | Killed Joth the pandemonium lord
 72151 | Pan      | Got a crude glass ring
 72186 | Pan      | Identified the ring "Weil" {Dex+4 Slay+5} (You found it in Pandemonium)
 72293 | Pan      | Got a wavering brass ring
 72296 | Pan      | Identified the ring "Symp" {+Blink rC- MR+ Int+2 Stlth+} (You acquired it in Pandemonium)
 72310 | Pan      | Found an exit through the horrors of the Abyss.
 72564 | Pan      | Noticed Ciuviydoa the pandemonium lord
 72573 | Pan      | Killed Ciuviydoa the pandemonium lord
 72924 | Depths:3 | Escaped Pandemonium
 73413 | D:12     | You paid a toll of 12 scrolls of teleportation to enter a treasure trove
 73414 | Trove    | Entered a treasure trove
 73425 | Trove    | Identified Sif Muna's Almanac of Transmutation and Earth
 73475 | Trove    | Identified Sif Muna's Almanac of the Birds and Battle Magic
 73939 | Pan      | Entered Pandemonium
 74115 | Pan      | Found an exit through the horrors of the Abyss.
 74371 | Pan      | Found an exit through the horrors of the Abyss.
 74406 | Pan      | Noticed Giagiunt the pandemonium lord
 74415 | Pan      | Killed Giagiunt the pandemonium lord
 74825 | Pan      | Noticed Shriror the pandemonium lord
 74831 | Pan      | Killed Shriror the pandemonium lord
 75167 | Pan      | Noticed Plorchao the pandemonium lord
 75177 | Pan      | Killed Plorchao the pandemonium lord
 75236 | Pan      | Found an exit through the horrors of the Abyss.
 75589 | Pan      | Entered the realm of Cerebov.
 75743 | Pan      | Found an exit through the horrors of the Abyss.
 76401 | Pan      | Identified a +2 rod of shadows (14/14) (You found it in Pandemonium)
 76526 | Pan      | Got a coiled wooden ring
 76529 | Pan      | Identified the ring of Xom's Passing Interest {-Cast +Inv rPois rN++ Int+2 SInv} (You found it in Pandemonium)
 76746 | Pan      | Identified Cigotuvi's Collected Works on Stolen Souls and Transformation (You found it in Pandemonium)
 76889 | Pan      | Noticed Cerebov
 76916 | Pan      | Killed Cerebov
 76930 | Pan      | Identified Roxanne's Compendium of Changing and Clay
 76944 | Pan      | Identified a +3 rod of clouds (13/13) (You found it in Pandemonium)
 76948 | Pan      | Got a vibrating lapis lazuli ring
 76952 | Pan      | Identified the ring of Fiyv {Contam rN+ Str+2 Dex+2} (You found it in Pandemonium)
 77016 | Pan      | Got a fiery rune of Zot
 77071 | Pan      | Got a brightly glowing gossamer ring
 77074 | Pan      | Identified the ring of Bloelov {+Fly Stlth+} (You took it off an efreet in Pandemonium)
 77099 | Pan      | Took an exit into the Abyss.
 77099 | Abyss:1  | Escaped into the Abyss
 77173 | Depths:3 | Escaped the Abyss
 77880 | Pan      | Entered Pandemonium
 78184 | Pan      | Found an exit through the horrors of the Abyss.
 78579 | Pan      | Entered the realm of Lom Lobon.
 78579 | Pan      | Noticed Lom Lobon
 78597 | Pan      | Killed Lom Lobon
 78611 | Pan      | Got a magical rune of Zot
 78677 | Pan      | Gained mutation: You have difficulty communicating with the divine. [mutagenic glow]
 78865 | Pan      | Noticed Ignacio
 78869 | Pan      | Killed Ignacio
 79003 | Pan      | Found an exit through the horrors of the Abyss.
 79605 | Pan      | Noticed Yhiotinn the pandemonium lord
 79612 | Pan      | Killed Yhiotinn the pandemonium lord
 79747 | Pan      | Found an exit through the horrors of the Abyss.
 79756 | Pan      | Took an exit into the Abyss.
 79756 | Abyss:1  | Escaped into the Abyss
 79813 | Abyss:1  | Paralysed by accursed screaming for 1 turns
 79857 | Depths:3 | Escaped the Abyss
 80258 | Lair:1   | Got a pitted turquoise ring
 80261 | Lair:1   | Identified the ring "Fouxoab" {rF+ Str+4 Dex+3 Slay+3} (You acquired it on level 1 of the Lair of Beasts)
 80683 | Pan      | Entered Pandemonium
 80852 | Pan      | Noticed Shoujism the pandemonium lord
 80859 | Pan      | Killed Shoujism the pandemonium lord
 81003 | Pan      | Found a huge runed gate.
 81008 | Pan      | Noticed Psacsoun the pandemonium lord
 81024 | Pan      | Killed Psacsoun the pandemonium lord
 81146 | Pan      | Noticed Qiuw Rila the pandemonium lord
 81154 | Pan      | Killed Qiuw Rila the pandemonium lord
 81245 | Pan      | Noticed Smyklaqa the pandemonium lord
 81255 | Pan      | Killed Smyklaqa the pandemonium lord
 81283 | Pan      | Noticed Shremim the pandemonium lord
 81290 | Pan      | Killed Shremim the pandemonium lord
 81551 | Pan      | Found an exit through the horrors of the Abyss.
 81648 | Pan      | Reached skill level 27 in Dodging
 81728 | Pan      | Entered the realm of Gloorx Vloq.
 82119 | Pan      | Found an exit through the horrors of the Abyss.
 82423 | Pan      | Noticed Gloorx Vloq
 82438 | Pan      | Killed Gloorx Vloq
 82505 | Pan      | Got a dark rune of Zot
 82693 | Pan      | Gained mutation: You are frail (-10% HP). [a cacodemon]
 82794 | Pan      | Gained mutation: You are surrounded by a mild repulsion field (EV +2). [potion of beneficial mutation]
 83088 | Pan      | Noticed Elinig the pandemonium lord
 83095 | Pan      | Killed Elinig the pandemonium lord
 83159 | Pan      | Found an exit through the horrors of the Abyss.
 83367 | Pan      | Found an exit through the horrors of the Abyss.
 83421 | Pan      | Noticed Ruchero the pandemonium lord
 83430 | Pan      | Cast into the Abyss (Ruchero)
 83645 | Abyss:1  | Found a corrupted altar of Lugonu.
 83918 | Pan      | Escaped the Abyss
 83940 | Pan      | Entered the realm of Mnoleg.
 84019 | Pan      | Found an exit through the horrors of the Abyss.
 84355 | Pan      | Gained mutation: You expend magic power (3 MP) to slightly strengthen your wands. [a neqoxec]
 84383 | Pan      | Noticed Mnoleg
 84403 | Pan      | Killed Mnoleg
 84421 | Pan      | Got a glowing rune of Zot
 84640 | Pan      | Took an exit into the Abyss.
 84640 | Abyss:1  | Escaped into the Abyss
 84640 | Abyss:1  | Found a corrupted altar of Lugonu.
 84706 | Depths:3 | Escaped the Abyss
 85309 | Hell     | Entered the Vestibule of Hell
 85309 | Hell     | Noticed Geryon
 85329 | Hell     | Killed Geryon
 85520 | Hell     | Found a gateway to the decaying netherworld of Tartarus.
 85635 | Hell     | Found a gateway to the ashen valley of Gehenna.
 85699 | Hell     | Found a gateway to the Iron City of Dis.
 85791 | Hell     | Found a gateway to the freezing wastes of Cocytus.
 85845 | Geh:1    | Entered Level 1 of Gehenna
 85895 | Geh:1    | Reached skill level 27 in Invocations
 86709 | Geh:4    | Reached skill level 27 in Evocations
 86795 | Geh:4    | Reached skill level 1 in Spellcasting
 86992 | Geh:5    | Reached skill level 5 in Spellcasting
 87043 | Geh:7    | Entered Level 7 of Gehenna
 87686 | Geh:7    | Reached skill level 10 in Spellcasting
 87819 | Geh:7    | HP: 9/263 [Brimstone Fiend/blast of hellfire (44)]
 88011 | Geh:7    | Noticed Asmodeus
 88027 | Geh:7    | Killed Asmodeus
 88045 | Geh:7    | Got an obsidian rune of Zot
 88895 | Dis:1    | Entered Level 1 of the Iron City of Dis
 90201 | Dis:5    | Found a burning altar of Makhleb.
 90291 | Dis:7    | Entered Level 7 of the Iron City of Dis
 90537 | Dis:7    | Reached skill level 15 in Spellcasting
 91068 | Dis:7    | Identified the Compendium of the Escort
 91324 | Dis:7    | Noticed Dispater
 91339 | Dis:7    | Killed Dispater
 91380 | Dis:7    | Got an iron rune of Zot
 91766 | Lair:1   | Learned a level 5 spell: Cigotuvi's Embrace
 91769 | Lair:1   | Learned a level 2 spell: Song of Slaying
 91773 | Lair:1   | Learned a level 3 spell: Flight
 91780 | Lair:1   | Learned a level 6 spell: Deflect Missiles
 91787 | Lair:1   | Learned a level 6 spell: Haste
 91793 | Lair:1   | Learned a level 5 spell: Silence
 92176 | Vaults:3 | Bought a manual of Spellcasting for 2097 gold pieces
 92765 | Tar:1    | Entered Level 1 of Tartarus
 93801 | Tar:7    | Entered Level 7 of Tartarus
 93952 | Tar:7    | Noticed the Serpent of Hell
 93965 | Tar:7    | Noticed an ancient lich
 93966 | Tar:7    | Killed the Serpent of Hell
 93969 | Tar:7    | Killed an ancient lich
 94053 | Tar:7    | Noticed Ereshkigal
 94067 | Tar:7    | Killed Ereshkigal
 94087 | Tar:7    | Got a bone rune of Zot
 94349 | Coc:1    | Entered Level 1 of Cocytus
 94735 | Coc:7    | Entered Level 7 of Cocytus
 96560 | Coc:7    | Noticed Antaeus
 96572 | Coc:7    | Lost mutation: You are frail (-10% HP). [mutagenic glow]
 96590 | Coc:7    | Killed Antaeus
 96738 | Coc:3    | You fall through a shaft!
 97228 | Coc:7    | Got an icy rune of Zot
 98041 | Pan      | Entered Pandemonium
 98042 | Pan      | Found an exit through the horrors of the Abyss.
 98158 | Pan      | Noticed Ulujueg the pandemonium lord
 98163 | Pan      | Killed Ulujueg the pandemonium lord
 98460 | Pan      | Noticed Xuaricuiby the pandemonium lord
 98465 | Pan      | Killed Xuaricuiby the pandemonium lord
 98502 | Pan      | Found an exit through the horrors of the Abyss.
 98884 | Pan      | Noticed Clae the pandemonium lord
 98894 | Pan      | Killed Clae the pandemonium lord
 99139 | Pan      | Found an exit through the horrors of the Abyss.
 99232 | Pan      | Noticed Twuwnori the pandemonium lord
 99244 | Pan      | Killed Twuwnori the pandemonium lord
 99424 | Pan      | Found an exit through the horrors of the Abyss.
 99473 | Pan      | Noticed Bojyetor the pandemonium lord
 99729 | Pan      | Found an exit through the horrors of the Abyss.
 99852 | Pan      | Reached skill level 27 in Spellcasting
 99859 | Pan      | Reached skill level 1 in Necromancy
100093 | Pan      | Reached skill level 5 in Necromancy
100101 | Pan      | Gained mutation: Scrolls take you much longer to read. [potion of mutation]
100192 | Pan      | Noticed Wihuod the pandemonium lord
100196 | Pan      | Killed from afar by Wihuod the pandemonium lord

Action                   |  1- 3 |  4- 6 |  7- 9 | 10-12 | 13-15 | 16-18 | 19-21 | 22-24 | 25-27 || total
-------------------------+-------+-------+-------+-------+-------+-------+-------+-------+-------++-------
Melee: War axe           |   100 |   164 |   402 |   433 |       |       |       |       |       ||  1099
       Great sword       |       |       |     3 |       |       |       |       |       |       ||     3
       Hand axe          |       |       |       |    56 |       |       |       |       |       ||    56
       Scimitar          |       |       |       |     5 |    37 |    17 |       |       |       ||    59
       Broad axe         |       |       |       |    71 |  1186 |       |       |       |       ||  1257
       Battleaxe         |       |       |       |    24 |    51 |  1233 |   285 |       |       ||  1593
       Executioner's axe |       |       |       |       |       |       |   494 |  1113 |  5297 ||  6904
 Fire: Blowgun           |       |       |       |       |       |    19 |       |       |       ||    19
Throw: Tomahawk          |       |       |       |     4 |       |       |       |       |       ||     4
Invok: Greater Servant o |       |       |       |     2 |       |     5 |       |       |       ||     7
       Minor Destruction |       |       |       |       |    16 |     3 |       |       |     1 ||    20
 Abil: Device Recharging |       |       |     2 |     4 |       |       |       |       |       ||     6
       Evoke Invisibilit |       |       |       |       |       |     1 |       |       |     1 ||     2
       Spit Poison       |       |       |       |       |       |     1 |       |       |       ||     1
       Evoke Flight      |       |       |       |       |       |       |       |     2 |    11 ||    13
Evoke: Wand              |     1 |     5 |     6 |    19 |     1 |    10 |       |     4 |    64 ||   110
       Rod               |       |       |       |       |       |     1 |       |     4 |     3 ||     8
       Deck              |       |       |       |       |       |       |       |       |    79 ||    79
       Stone of tremors  |       |       |       |       |       |       |       |       |     3 ||     3
       Lamp of fire      |       |       |       |       |       |       |       |       |     2 ||     2
  Use: Scroll            |       |       |     8 |    22 |     5 |    16 |     8 |    11 |    59 ||   129
       Potion            |       |       |     1 |     2 |       |     5 |     1 |     7 |    32 ||    48
 Stab: Paralysed         |       |     3 |       |       |       |       |       |       |       ||     3
       Distracted        |       |       |       |       |       |     4 |       |       |     5 ||     9
       Invisible         |       |       |       |       |       |     3 |       |     3 |    10 ||    16
       Petrified         |       |       |       |       |       |     5 |       |       |       ||     5
       Held in net/web   |       |       |       |       |       |     1 |       |       |       ||     1
       Confused          |       |       |       |       |       |       |       |       |     1 ||     1
  Eat: Chunk             |       |     5 |    13 |    12 |    38 |    46 |    48 |    65 |   108 ||   335
       Royal jelly       |       |       |       |     6 |       |       |       |       |     2 ||     8
       Beef jerky        |       |       |       |       |     1 |       |       |     1 |     6 ||     8
       Fruit             |       |       |       |       |       |     3 |       |       |    10 ||    13
       Bread ration      |       |       |       |       |       |       |     1 |     3 |     9 ||    13
       Meat ration       |       |       |       |       |       |       |       |       |     5 ||     5
       Pizza             |       |       |       |       |       |       |       |       |     6 ||     6
